 Dungeon Crawl Stone Soup version 0.21.0-3-g78d12a8 (webtiles) character file.

276 sanboga the Skirmisher (level 6, -7/40 HPs)
             Began as a Gargoyle Berserker on Jan 8, 2018.
             Was a Priest of Trog.
             Killed by divine providence
             ... invoked by an orc priest
              (13 damage)
             ... on level 3 of the Dungeon.
             The game lasted 00:09:06 (1803 turns).

sanboga the Skirmisher (Gargoyle Berserker)         Turns: 1803, Time: 00:09:07

Health: -7/40      AC: 13    Str: 23    XL:     6   Next: 25%
Magic:  6/6        EV: 10    Int:  7    God:    Trog [***...]
Gold:   90         SH:  0    Dex:  9    Spells: 5/5 levels left

rFire    . . .     SeeInvis .   l - +0 whip (freeze)
rCold    . . .     Gourm    .   (no shield)
rNeg     + . .     Faith    .   h - +0 scale mail
rPois    ∞         Spirit   .   k - +0 helmet
rElec    +         Reflect  .   (no cloak)
rCorr    .         Harm     .   d - +0 pair of gloves
MR       .....                  (no boots)
Stlth    ..........             (no amulet)
HPRegen  0.13/turn              (no ring)
MPRegen  0.10/turn              (no ring)

@: no status effects
A: negative energy resistance 1, electricity resistance, unbreathing,
petrification resistance, rot immunity, AC +4
a: Berserk, Trog's Hand, Burn Spellbooks, Renounce Religion


You were on level 3 of the Dungeon.
You worshipped Trog.
Trog was most pleased with you.
You were hungry.

You visited 1 branch of the dungeon, and saw 3 of its levels.

You collected 90 gold pieces.

Inventory:

Hand Weapons
 l - a +0 whip of freezing (weapon)
Armour
 d - a +0 pair of gloves (worn)
 h - a +0 scale mail (worn)
 k - a +0 helmet (worn)
Wands
 j - a wand of enslavement (11)
Scrolls
 b - 2 scrolls of teleportation
 e - 2 scrolls of blinking
 f - a scroll of remove curse
 i - a scroll of fear
 n - a scroll of fog
Potions
 a - 2 potions of curing
 g - a potion of haste
Comestibles
 c - 5 rations


   Skills:
 * Level 5.1 Fighting
   Level 4.1 Axes
 + Level 1.0(3.0) Maces & Flails
 + Level 3.9 Armour
 - Level 1.9 Dodging


You had 5 spell levels left.
You didn't know any spells.

Dungeon Overview and Level Annotations

Branches:
Dungeon (3/15)

Altars:


Innate Abilities, Weirdness & Mutations

You are resistant to torment.
Your stone body is resilient. (AC +4)
You are immune to poison.
You resist negative energy. (rN+)
You are resistant to electric shocks. (rElec)
You can survive without breathing.
You are immune to petrification.
You are immune to rotting.


Message History

The orc priest barely misses you.
You hit the orc priest but do no damage.
The orc priest is severely wounded.
The orc priest mumbles some strange prayers to Beogh against you.
Beogh smites you!
* * * LOW HITPOINT WARNING * * *
You hit the orc priest but do no damage.
The orc priest is severely wounded.
The orc priest looks satisfied for a moment.
You hit the orc priest but do no damage.
The orc priest is severely wounded.
The orc priest hits you but does no damage.
You hit the orc priest but do no damage.
The orc priest is severely wounded.
The orc priest hits you but does no damage.
You hit the orc priest but do no damage.
The orc priest is severely wounded.
The orc priest calls down the wrath of Beogh upon you.
Beogh smites you!
You die...

. ... ############.....
#........@o......
#......()###.....
#........##..####........
######......#####.........
#......(##................
#.........................
#|.......##.##.......# >..
#....(....#.# #....# #..
####.###.†..######...##..#


You could see an orc priest.

Vanquished Creatures
  2 orc wizards (D:3)
  Terence (D:2)
  Natasha (twice) (D:2)
  Robin (D:2)
  3 adders
  2 worms (D:2)
  A dart slug (D:3)
  3 leopard geckos
  7 orcs (D:3)
  3 giant cockroaches
  14 goblins
  12 hobgoblins
  6 jackals (D:2)
  2 quokkas
  2 ball pythons
  7 bats
  6 frilled lizards
  5 kobolds
  11 rats
90 creatures vanquished.

Notes
Turn   | Place    | Note
-------+----------+-------------------------------------------
     0 | D:1      | sanboga the Gargoyle Berserker began the quest for the Orb.
     0 | D:1      | Reached XP level 1. HP: 14/14 MP: 1/1
   160 | D:1      | Reached XP level 2. HP: 15/19 MP: 2/2
   671 | D:2      | Reached XP level 3. HP: 23/23 MP: 3/3
   704 | D:2      | Reached ** piety under Trog
   730 | D:2      | Noticed Terence
   736 | D:2      | Killed Terence
   736 | D:2      | Reached XP level 4. HP: 29/29 MP: 4/4
   822 | D:2      | Noticed Natasha
   832 | D:2      | Killed Natasha
  1141 | D:2      | Reached skill level 4 in Fighting
  1218 | D:2      | Noticed Natasha
  1237 | D:2      | Reached XP level 5. HP: 33/33 MP: 5/5
  1241 | D:2      | Killed Natasha
  1272 | D:2      | Noticed Robin
  1301 | D:2      | Killed Robin
  1556 | D:3      | Reached *** piety under Trog
  1600 | D:3      | Reached XP level 6. HP: 30/40 MP: 6/6
  1767 | D:3      | Reached skill level 5 in Fighting
  1767 | D:3      | Reached skill level 1 in Maces & Flails
  1803 | D:3      | Killed from afar by an orc priest

Skill      XL: |  1  2  3  4  5  6 |
---------------+-------------------+-----
Axes           | 3 4 |  4.1
Armour         | 3 |  3.9
Fighting       | 4 5 |  5.1
Maces & Flails | 1 |  1.0
Dodging        | |  1.9

Action                   |  1- 3 |  4- 6 || total
-------------------------+-------+-------++-------
Melee: Hand axe          |    86 |   136 ||   222
       Whip              |       |   121 ||   121
Invok: Berserk           |     1 |     1 ||     2
Evoke: Wand              |       |     1 ||     1
  Use: Scroll            |     5 |     2 ||     7
       Potion            |     1 |     1 ||     2
  Eat: Chunk             |       |     5 ||     5
Armor: Skin              |     7 |       ||     7
       Animal skin       |     6 |       ||     6
       Leather armour    |    13 |       ||    13
       Ring mail         |     4 |    20 ||    24
       Scale mail        |       |   138 ||   138
Dodge: Dodged            |    52 |   159 ||   211
